 Dungeon Crawl Stone Soup version 0.32-a0-666-ge8a88695a4 (webtiles) character file.

Game seed: 12020182945908148169

26758 olmar the Basher (level 13, -2/98 (106) HPs)
             Began as a Coglin Warper on Mar 8, 2024.
             Was an Initiate of Gozag.
             Slain by a laughing skull (4 damage)
             ... on level 2 of the Abyss on Mar 9, 2024.
             The game lasted 00:26:41 (18306 turns).

olmar the Basher (Coglin Warper)                   Turns: 18306, Time: 00:26:43

HP:   -2/98 (106)   AC: 10    Str: 16    XL:     13   Next: 28%
MP:   15/15         EV: 14    Int: 12    God:    Gozag
Gold: 1186          SH:  0    Dex: 15    Spells: 15/15 levels left

rFire   + . .        f - +0 whip (drain) {Tamao}
rCold   + . .        C - +3 mace (freeze) {Somchit}
rNeg    . . .        G - +2 ring mail {rPois}
rPois   +            (no helmet)
rElec   .            H - scarf {rC+ rF+}
rCorr   .            (no gloves)
SInv    .            u - +1 pair of boots
Will    .....        (amulet unavailable) Stlth
                     (ring unavailable)
HPRegen 0.36/turn    (ring unavailable)
MPRegen 0.14/turn    (no gizmo)

%: no passive effects
@: confused, gold aura, drained, revving
A: off-hand wielding, slow wielding, warmup strikes, no jewellery
a: Invent Gizmo, Renounce Religion, Potion Petition, Call Merchant, Bribe Branch


You were on level 2 of the Abyss.
You worshipped Gozag.
Gozag was most pleased with you.
You visited 2 branches of the dungeon, and saw 15 of its levels.
You visited the Abyss 1 time.

You collected 3033 gold pieces.
You paid 1847 gold pieces to Gozag.

Inventory:

Hand Weapons
 a - a +0 mace {Septima}
 e - a +0 dagger {Jingyi}
 f - a +0 whip of draining (weapon) {Tamao}
 m - a +0 flail {Gyeongja}
 n - the +6 rapier of Disarray {flame, rElec Dex+4}
   (You found it on level 13 of the Dungeon)

   Dex+4:     It affects your dexterity (+4).
   rElec:     It insulates you from electricity.
 C - a +3 mace of freezing (offhand) {Somchit}
Missiles
 d - 7 darts of dispersal
 y - 13 poisoned darts (quivered)
 B - 5 datura-tipped darts
 M - 7 atropa-tipped darts
Armour
 b - a +0 leather armour
 k - an orb of guile
 u - a +1 pair of boots (worn)
 D - a scarf of invisibility
 G - a +2 ring mail of poison resistance (worn)
 H - a scarf of resistance (worn)
 I - a +2 leather armour of positive energy
Magical Staves
 g - a staff of cold
Wands
 J - a wand of warping (11)
Scrolls
 c - a scroll of blinking
 h - 2 scrolls of immolation {unknown}
 i - 2 scrolls of silence
 j - a scroll of teleportation
 r - 3 scrolls of vulnerability
 t - a scroll of amnesia {unknown}
 v - a scroll of fog {unknown}
 E - a scroll of torment
 K - a scroll of noise {unknown}
 L - 3 scrolls of fear {unknown}
 N - a scroll of brand weapon {unknown}
 P - 2 scrolls of enchant weapon {unknown}
 R - a scroll of identify
Potions
 l - a potion of heal wounds
 o - 2 potions of brilliance
 q - 2 potions of attraction
 w - 2 potions of curing
 x - 2 potions of cancellation
 z - a potion of mutation {unknown}
 F - 2 potions of enlightenment {unknown}
 O - 2 potions of resistance {unknown}
 Q - a potion of haste {unknown}


   Skills:
 + Level 11.4 Fighting
 + Level 13.9 Maces & Flails
 - Level 0.8 Throwing
 + Level 6.1 Armour
 + Level 7.8 Dodging
 - Level 0.3 Stealth
 + Level 1.9 Spellcasting
 + Level 3.3 Translocations
 + Level 6.8 Evocations


You had 15 spell levels left.
You didn't know any spells.
Your spell library contained the following spells:

 Spells                   Type           Power      Damage    Failure   Level
 Blink                    Tloc           18%        N/A       19%         2
 Lesser Beckoning         Tloc           18%        N/A       19%         2
 Teleport Other           Tloc           9%         N/A       36%         3
 Magic Dart               Conj           4%         1d3       43%         1
 Jinxbite                 Hex            2%         N/A       58%         2
 Searing Ray              Conj           2%         2d4       58%         2
 Manifold Assault         Tloc           9%         N/A       77%         4
 Fugue of the Fallen      Necr           1%         N/A       82%         3
 Inner Flame              Hex/Fire       1%         N/A       82%         3
 Ozocubu's Armour         Ice            1%         N/A       82%         3
 Tukima's Dance           Hex            1%         N/A       82%         3
 Dimensional Bullseye     Hex/Tloc       2%         N/A       94%         4
 Iskenderun's Mystic Bla  Conj/Tloc      5%         2d3       94%         4
 Vhi's Electric Charge    Tloc/Air       10%        N/A       94%         4
 Flame Wave               Conj/Fire      1%         2d4       99%         4
 Fulminant Prism          Conj/Alch      0%         3d5       99%         4
 Leda's Liquefaction      Alch/Erth      0%         N/A       99%         4
 Sticky Flame             Fire/Alch      1%         2d4       99%         4
 Irradiate                Conj/Alch      0%         3d11      100%        5
 Lee's Rapid Deconstruct  Erth           0%         3d4*      100%        5
 Summon Forest            Summ/Tloc      2%         N/A       100%        5
 Summon Mana Viper        Hex/Summ       1%         N/A       100%        5
 Yara's Violent Unravell  Hex/Alch       0%         3d3       100%        5
 Bombard                  Conj/Erth      0%         9d1       100%        6
 Summon Cactus Giant      Summ           0%         N/A       100%        6
 Enfeeble                 Hex            0%         N/A       100%        7
 Ignition                 Fire           0%         3d3       100%        8


Dungeon Overview and Level Annotations

Branches:
Dungeon (14/15)            Temple (0/1) D:7            Lair (0/5) D:9
    Orc (1/2) D:9          Vaults (0/5) D:14

Altars:
Ashenzari
Cheibriados
Dithmenos
Gozag
Hepliaklqana
Kikubaaqudgha
Nemelex Xobeh
Okawaru
Qazlal
Ru
Sif Muna
Trog
Uskayaw
Wu Jian
Yredelemnul
Zin
The Shining One

Shops:
D:1 =

Annotations:
D:4 1 runed translucent door
D:6 3 runed translucent doors, Esekla's ghost, weakling CoDe
D:13 2 runed translucent doors
D:14 Louise
Orc:1 Snorg


Innate Abilities, Weirdness & Mutations

You can wield a second weapon in your off-hand.
It takes a long time for you to wield or remove held weapons.
Your first few attacks do less damage.
You cannot equip rings or amulets.


Message History

The great orb of eyes bites you!
Unknown command.
You hit the great orb of eyes but do no damage.
You drain the great orb of eyes.
The great orb of eyes is heavily wounded.
You sock the great orb of eyes with your +3 mace of freezing!
You freeze the great orb of eyes. The laughing skull headbutts you!
* * * LOW HITPOINT WARNING * * *
The laughing skull gibbers with scorn.
The bolt of negative energy hits you!
You feel drained.
* * * LOW HITPOINT WARNING * * *
You sock the great orb of eyes with your +3 mace of freezing!
You freeze the great orb of eyes.
The great orb of eyes is almost dead.
You hit the great orb of eyes but do no damage.
The great orb of eyes gazes at you.
You are confused.
The laughing skull completely misses you.
The laughing skull gibbers with scorn.
The bolt of negative energy hits the hellephant.
The hellephant completely resists.
The bolt of negative energy hits the laughing skull.
The laughing skull completely resists.
The bolt of negative energy hits you.
You feel drained.
* * * LOW HITPOINT WARNING * * *
You bump into the rock wall.
The laughing skull barely misses you. The great orb of eyes bites you.
* * * LOW HITPOINT WARNING * * *
The hellephant is distracted by your dazzling golden aura.
Unknown command.
You miss the laughing skull with your +0 whip of draining.
You miss the laughing skull with your +3 mace of freezing.
The hellephant trumpets!
The laughing skull cackles spitefully.
The bolt of negative energy hits you!
You feel drained.
* * * LOW HITPOINT WARNING * * *
The laughing skull headbutts you.
You die...
The laughing skull crumbles to pieces from sheer joy.
Your body crumbles into a pile of gold.

.. . .. . #.
.#..#. #.. .
..#.... # .
.#......
##_#......# #
....#....# ##.
.......###
###.........##
....#...z@.# .
. #.$z#z#G#....
.#.#..Y.....∩..
##.
#∩.#####z..# .
. #$.##.##...~~
. #...... .....
#. ..
$.........≈ #.§
... ...... ..~#
##.........#..
.


You could see a hellephant, a great orb of eyes (drained) and 4 laughing skulls.

Vanquished Creatures
  A hydra (D:13)
  Erica (D:8)
  4 centaur warriors
  A boulder beetle (D:12)
  3 two-headed ogres
  A glowing orange brain (D:14)
  An ugly thing (D:13)
  A wolf spider (D:13)
  6 cyclopes
  An orc sorcerer (Orc:1)
  A large abomination (Abyss:2)
  A gargoyle (D:14)
  A kobold demonologist (D:12)
  3 tengu conjurers
  8 trolls
  A queen bee (Orc:1)
  A hornet (D:10)
  A hornet (shapeshifter) (D:11)
  5 slime creatures
  A shadow (D:11)
  A wraith (D:11)
  A vampire (D:5)
  24 yaks
  A wyvern (D:8)
  2 wargs (Orc:1)
  4 vampire mosquitoes
  A steam dragon (D:7)
  3 acid dragons
  3 water moccasins
  9 orc warriors
  3 ice beasts
  3 sky beasts
  A laughing skull (Abyss:2)
  A tengu (shapeshifter) (D:13)
  A black bear (D:5)
  6 ogres
  11 centaurs
  2 wolves (D:9)
  A phantom (D:6)
  2 kobold brigands
  3 bullfrogs
  4 scorpions
  14 wights
  17 killer bees
  2 howler monkeys
  A gnoll bouda (D:6)
  5 jellies
  3 bombardier beetles
  8 orc priests
  4 hounds
  A sleepcap (D:6)
  5 iguanas
  13 orc wizards
  4 gnolls
  4 adders
  A shadow imp (D:6)
  2 white imps (D:6)
  8 ufetubi
  A ribbon worm (D:2)
  3 dart slugs
  30 orcs
  5 endoplasms
  2 giant cockroaches
  7 goblins
  4 hobgoblins
  9 kobolds
  2 quokkas (D:3)
  4 ball pythons
  2 frilled lizards
  A goblin zombie (D:4)
  A kobold zombie (D:4)
  6 rats
299 creatures vanquished.

Vanquished Creatures (collateral kills)
  2 orcs (D:12)
2 creatures vanquished.

Vanquished Creatures (others)
  An orc (D:7)
1 creature vanquished.

Grand Total: 302 creatures vanquished

Notes
Turn   | Place    | Note
-------+----------+-------------------------------------------
     0 | D:1      | olmar the Coglin Warper began the quest for the Orb.
     0 | D:1      | Reached XP level 1. HP: 16/16 MP: 3/3
   110 | D:1      | Found Hixypa's Jewellery Emporium.
   237 | D:1      | Reached skill level 1 in Armour
   237 | D:1      | Reached XP level 2. HP: 15/22 MP: 4/4
   241 | D:1      | Reached skill level 2 in Maces & Flails
   580 | D:2      | Reached XP level 3. HP: 20/27 MP: 5/5
  1274 | D:2      | Found an iron altar of Okawaru.
  1604 | D:3      | Reached XP level 4. HP: 28/34 MP: 6/6
  1725 | D:3      | Found a faded altar of an unknown god.
  2262 | D:4      | Reached skill level 3 in Maces & Flails
  2262 | D:4      | Reached XP level 5. HP: 36/39 MP: 7/7
  2331 | D:4      | Found a shadowy altar of Dithmenos.
  2459 | D:4      | Found a runed translucent door.
  2459 | D:4      | Noticed a human
  2464 | D:4      | Found a basalt altar of Yredelemnul.
  2600 | D:4      | Found a stormy altar of Qazlal.
  2600 | D:4      | Found a sparkling altar of Nemelex Xobeh.
  2605 | D:4      | Found a hazy altar of Hepliaklqana.
  2607 | D:4      | Found a bloodstained altar of Trog.
  2608 | D:4      | Found a snail-covered altar of Cheibriados.
  2611 | D:4      | Found a glowing golden altar of the Shining One.
  2614 | D:4      | Found an ornate altar of the Wu Jian Council.
  3128 | D:5      | Entered Level 5 of the Dungeon
  3128 | D:5      | Noticed a water moccasin
  3134 | D:5      | Killed a water moccasin
  3135 | D:5      | Reached skill level 4 in Maces & Flails
  3135 | D:5      | Reached XP level 6. HP: 30/46 MP: 8/8
  3252 | D:5      | Noticed a vampire
  3260 | D:5      | Killed a vampire
  3261 | D:5      | Reached skill level 1 in Evocations
  3261 | D:5      | Reached XP level 7. HP: 21/52 MP: 9/9
  3392 | D:5      | Reached skill level 5 in Maces & Flails
  3723 | D:5      | Reached XP level 8. HP: 44/60 MP: 10/10
  3883 | D:4      | Reached skill level 6 in Maces & Flails
  4224 | D:6      | Found a runed translucent gate.
  4224 | D:6      | Found a runed translucent gate.
  4224 | D:6      | Found a runed translucent gate.
  4230 | D:6      | Noticed Esekla's ghost (weakling CoDe)
  4798 | D:6      | Reached skill level 7 in Maces & Flails
  4842 | D:6      | Reached skill level 5 in Fighting
  4842 | D:6      | Reached XP level 9. HP: 40/68 MP: 11/11
  4952 | D:6      | Found an opulent altar of Gozag.
  4974 | D:6      | Became a worshipper of Gozag Ym Sagoz the Greedy
  5216 | D:6      | Found a shimmering blue altar of Sif Muna.
  5645 | D:7      | Reached skill level 8 in Maces & Flails
  5866 | D:7      | Found a staircase to the Ecumenical Temple.
  6165 | D:7      | Found an ancient bone altar of Kikubaaqudgha.
  6662 | D:7      | Reached skill level 5 in Dodging
  7032 | D:8      | Reached skill level 9 in Maces & Flails
  7032 | D:8      | Reached XP level 10. HP: 77/77 MP: 12/12
  7805 | D:8      | Found a glowing silver altar of Zin.
  7805 | D:8      | Noticed an angel
  7839 | D:8      | Noticed Erica
  8008 | D:8      | Killed Erica
  8438 | D:9      | Found a sacrificial altar of Ru.
  8607 | D:9      | Reached skill level 10 in Maces & Flails
  8730 | D:9      | Found a broken altar of Ashenzari.
  9072 | D:9      | Found a staircase to the Lair.
  9310 | D:9      | Reached XP level 11. HP: 69/86 MP: 13/13
  9393 | D:9      | Found a staircase to the Orcish Mines.
  9658 | D:9      | Noticed a cyclops
  9731 | D:9      | Reached skill level 11 in Maces & Flails
  9734 | D:9      | Killed a cyclops
 10084 | D:9      | Reached skill level 5 in Armour
 10368 | D:10     | Entered Level 10 of the Dungeon
 10418 | D:10     | Identified the +7 falchion of Bes Vak {holy, Dex+5}
 10539 | D:10     | Reached skill level 5 in Evocations
 10709 | D:10     | Found a hide-covered altar of Uskayaw.
 10848 | D:10     | Noticed a two-headed ogre
 10860 | D:10     | Killed a two-headed ogre
 11301 | D:10     | Noticed a centaur warrior
 11941 | D:10     | Killed a centaur warrior
 11942 | D:10     | Reached skill level 12 in Maces & Flails
 12084 | D:11     | Noticed a two-headed ogre
 12094 | D:11     | Killed a two-headed ogre
 12233 | D:11     | Noticed a harpy
 12234 | D:11     | a harpy changed into a cane toad
 12235 | D:11     | Noticed a cyclops
 12488 | D:11     | Noticed a two-headed ogre
 12504 | D:11     | Killed a two-headed ogre
 12505 | D:11     | Reached XP level 12. HP: 62/96 MP: 14/14
 13904 | D:12     | Noticed a boulder beetle
 13927 | D:12     | Killed a boulder beetle
 13928 | D:12     | Reached skill level 10 in Fighting
 13994 | D:12     | Reached skill level 13 in Maces & Flails
 15641 | D:13     | Identified the +1 robe "Tototi" {rF- rN+ Will+}
 15763 | D:13     | Noticed a centaur warrior
 15784 | D:13     | Killed a centaur warrior
 15887 | D:13     | Noticed a centaur warrior
 15892 | D:13     | Noticed a five-headed hydra
 15897 | D:13     | Killed a five-headed hydra
 16008 | D:13     | Killed a centaur warrior
 16428 | D:13     | Found a runed translucent door.
 16428 | D:13     | Noticed a centaur warrior
 16870 | D:13     | Noticed a seven-headed hydra
 16871 | D:13     | Noticed a deep elf annihilator
 16871 | D:13     | Noticed a centaur warrior
 16874 | D:13     | Found a runed translucent door.
 16875 | D:13     | Identified the +6 rapier of Disarray {flame, rElec Dex+4}
 17014 | D:13     | Killed a centaur warrior
 17015 | D:13     | Reached XP level 13. HP: 50/106 MP: 15/15
 17278 | Orc:1    | Entered Level 1 of the Orcish Mines
 17421 | Orc:1    | Noticed Snorg
 17421 | Orc:1    | Upgraded the game from 0.32-a0-656-g3542139ebd to
                  | 0.32-a0-666-ge8a88695a4
 17815 | D:13     | Noticed a yaktaur captain
 18151 | D:14     | Found a gate to the Vaults.
 18154 | D:14     | Noticed Louise
 18154 | D:14     | Noticed a vault guard
 18171 | Abyss:2  | Found a corrupted altar of Lugonu.
 18171 | Abyss:2  | Cast into level 2 of the Abyss (Louise)
 18287 | Abyss:2  | Noticed a hellephant
 18296 | Abyss:2  | Noticed a great orb of eyes
 18306 | Abyss:2  | HP: 2/98 [laughing skull/bolt of negative energy (8)]
 18306 | Abyss:2  | Slain by a laughing skull

Illustrated notes

Levels and vault maps discovered:
D:1:      lightli_arrival_boilingwater, layout_rooms, serial_shops,
          nicolae_shop_rolling_square, minmay_surrounded
D:2:      layout_loops_corners, basic_altar, grunt_decor_arrowhead,
          lightli_corner_chamber
D:3:      layout_rooms, ebering_ecumenical_altar_petrified, grunt_ministairs_10
D:4:      layout_basic, grunt_dithmenos_smoke_and_mirrors,
          dk_yredelemnul_ordeal, nicolae_overflow_hallway_of_the_gods,
          serial_rivers, chequers_serial_rivers_room_a,
          chequers_serial_rivers_room_b, chequers_serial_rivers_micro_b,
          chequers_serial_rivers_micro_c, chequers_serial_rivers_micro_e
D:5:      kennysheep_big_flooded_room, layout_basic
D:6:      minmay_angry_zag, layout_loops_ring, nicolae_gozag_seed_capital,
          mainiacjoe_overflow_chevrons, ebering_ghost_rock_garden,
          serial_bayou_pond_c
D:7:      layout_loops_ring, lemuel_tele_altar, minmay_temple_entry_butterflies
D:8:      layout_loops_corners, zin_angel, minmay_increasing_density, uniq_erica
D:9:      layout_basic, mainiacjoe_overflow_six_doors_small,
          mainiacjoe_overflow_concentric_impassable, erik_lair_orcish_takeover,
          grunt_tough_drop
D:10:     layout_roguey, overflow_temple_1_default,
          amcnicky_mini_corridor_feature, kennysheep_generic_room_10
D:11:     layout_rooms
D:12:     layout_rooms, serial_bayou_pond_a
D:13:     minmay_expanding_circles, layout_cave_pools, dreamdust_wishing_well
D:14:     layout_loops_ring, hellmonk_vaults_order_and_chaos, serial_shops,
          shop, uniq_louise, uniq_azrael
Orc:1:    layout_caves, special_room [special_room_bee], uniq_snorg
Abyss:2:  base:
D:2

Skill      XL: |  1  2  3  4  5  6  7  8  9 10 11 12 13 |
---------------+----------------------------------------+-----
Armour         | 1 2 3 4 5 6 |  6.1
Maces & Flails | 2 3 4 5 7 9 10 12 13 | 13.9
Dodging        | 2 3 4 5 6 7 |  7.8
Fighting       | 3 5 6 7 9 11 | 11.4
Evocations     | 1 2 4 5 6 |  6.8
Throwing       | |  0.8
Stealth        | |  0.3
Spellcasting   | |  1.9
Translocations | |  3.3

Action                     |  1- 3 |  4- 6 |  7- 9 | 10-12 | 13-15 || total
---------------------------+-------+-------+-------+-------+-------++-------
  Melee: Mace              |    57 |       |       |   463 |   124 ||   644
         Dagger            |    25 |       |       |       |       ||    25
         Flail             |    37 |    43 |   260 |    53 |       ||   393
         Whip              |     5 |    38 |   249 |   506 |   112 ||   910
  Throw: Dart              |     3 |     9 |    53 |    74 |    15 ||   154
         Throwing net      |       |       |     3 |       |       ||     3
 Invoke: Potion Petition   |       |       |       |     2 |     1 ||     3
  Evoke: Wand              |       |     9 |     2 |    46 |    12 ||    69
    Use: Scroll            |     2 |     1 |     4 |     6 |     1 ||    14
         Potion            |       |       |     4 |     6 |     3 ||    13
   Stab: Invisible         |     1 |       |       |       |       ||     1
         Held in net/web   |       |       |     3 |       |       ||     3
         Distracted        |       |       |     2 |     3 |     2 ||     7
 Armour: Leather armour    |    39 |    31 |   171 |   361 |       ||   602
         Ring mail         |       |       |       |       |    77 ||    77
  Dodge: Dodged            |    33 |    27 |   168 |   309 |    96 ||   633

Table legend: (Time is in decaauts)
 A = Elapsed time spent in this place.
 B = Non-inter-level travel time spent in this place.
 C = Inter-level travel time spent in this place.
 D = Time resting spent in this place.
 E = Time spent auto-exploring this place.
 F = Levels seen in this place.
 G = Mean time per level.
                   A        B        C        D        E       F      G
               +--------+--------+--------+--------+--------+-----+--------+
         Total |  18080 |  17467 |    613 |   5480 |   9503 |  16 | 1130.0 |
       Dungeon |  17806 |  17193 |    613 |   5473 |   9349 |  14 | 1271.9 |
  Orcish Mines |    146 |    146 |      0 |      7 |     68 |   1 |  146.0 |
         Abyss |    127 |    127 |      0 |      0 |     86 |   1 |  127.0 |
               +--------+--------+--------+--------+--------+-----+--------+

Top non-repeatable levels by time:
     D:9: 2196 daAuts
    D:10: 1886 daAuts
    D:13: 1870 daAuts
    D:12: 1582 daAuts
    D:11: 1550 daAuts
     D:8: 1443 daAuts
     D:6: 1335 daAuts
     D:7: 1280 daAuts
     D:2: 1109 daAuts
     D:4: 1052 daAuts
     D:5: 1009 daAuts
     D:3: 608 daAuts
     D:1: 564 daAuts
    D:14: 317 daAuts
   Orc:1: 146 daAuts
